 Dungeon Crawl Stone Soup version 0.18-a0-775-g4d9e04e (webtiles) character file.

127606 Arkorax the Brawler (level 16, -4/176 HPs)
             Began as a Troll Monk on Dec 12, 2015.
             Was the Champion of Okawaru.
             Slain by a naga
             ... wielding a +0 broad axe
              (11 damage)
             ... on level 3 of the Snake Pit on Dec 13, 2015.
             The game lasted 01:07:22 (28029 turns).

Arkorax the Brawler (Troll Monk)                   Turns: 28029, Time: 01:07:22

Health: -4/176     AC: 11    Str: 36    XL:     16   Next: 46%
Magic:  15/15      EV: 14    Int: 10    God:    Okawaru [******]
Gold:   1666       SH: 15    Dex: 21    Spells: 0 memorised, 15 levels left

rFire  . . .     SeeInvis .       - Unarmed
rCold  . . .     Clarity  .     p - +4 robe of Augmentation {Str+4 Int+4 Dex+4}
rNeg   . . .     SustAt   .     j - +2 shield {Big Boy Shield}
rPois  +         Gourm    +     Y - +0 hat "Seinaheq" {rPois}
rElec  .         Spirit   .     v - +0 cloak
rCorr  .         Dismiss  .     (gloves unavailable)
rMut   .         Stasis   .     (boots unavailable)
MR     +....                    i - amulet of rage
Stlth  ++........               S - +5 ring of strength
                                O - ring of Winter {EV+6 Str+4}

@: lethally poisoned (-4 -> -4), constricted, somewhat resistant to hostile
enchantments, unstealthy
A: unfitting armour, claws 3, fast metabolism 3, gourmand, regeneration 2,
shaggy fur 1, tough skin 2
a: Heroism, Finesse, Renounce Religion, Evoke Berserk Rage


You were on level 3 of the Snake Pit.
You worshipped Okawaru.
Okawaru was exalted by your worship.
You were near starving.

You visited 3 branches of the dungeon, and saw 26 of its levels.
You also visited: Ice Cave.

You collected 1911 gold pieces.
You spent 245 gold pieces at shops.

Inventory:

Missiles
 o - 9 large rocks (quivered)
Armour
 j - a +2 shield (worn) {Big Boy Shield}
 p - the +4 robe of Augmentation (worn) {Str+4 Int+4 Dex+4}
   (You took it off a big kobold on level 10 of the Dungeon)

   It affects your strength (+4).
   It affects your intelligence (+4).
   It affects your dexterity (+4).
 v - a +0 cloak (worn)
 Y - the +0 hat "Seinaheq" (worn) {rPois}
   (You found it on level 8 of the Lair of Beasts)

   It protects you from poison.
Jewellery
 i - an amulet of rage (around neck)
 K - an uncursed ring of protection from cold
 O - the ring of Winter (left claw) {EV+6 Str+4}
   (You found it on level 6 of the Lair of Beasts)

   [ring of evasion]

   It affects your evasion (+6).
   It affects your strength (+4).
 S - a +5 ring of strength (right claw)
Wands
 k - a wand of disintegration (10)
 t - a wand of cold (0)
 y - a wand of confusion (26)
 B - a wand of draining (7)
 D - a wand of disintegration (6)
 E - a wand of confusion (17)
 F - a wand of enslavement (19)
 H - a wand of enslavement (8)
 J - a wand of cold (3)
 Q - a wand of teleportation (0)
 T - a wand of slowing (25)
 U - a wand of polymorph (9)
 Z - a wand of draining (0)
Scrolls
 e - 11 scrolls of remove curse
 m - 2 scrolls of identify
 n - 5 scrolls of teleportation
 r - 4 scrolls of amnesia
 I - 2 scrolls of magic mapping
 N - 7 scrolls of fog
 P - a scroll of enchant armour
 R - 3 scrolls of enchant weapon
 V - 3 scrolls of recharging
Potions
 f - 11 potions of curing
 g - 8 potions of flight
 h - a potion of magic {unknown}
 l - 4 potions of resistance {unknown}
 s - 5 potions of haste
 u - 4 potions of ambrosia
 w - 2 potions of invisibility
 x - 2 potions of cancellation {unknown}
 A - 3 potions of berserk rage
 G - 4 potions of agility
 L - 2 potions of brilliance {unknown}
 M - 6 potions of might
 W - a potion of lignification {unknown}
Miscellaneous
 a - a lamp of fire
 X - a lamp of fire
Comestibles
 b - 9 bread rations
 c - 11 slices of pizza
 d - 5 meat rations
 q - 11 royal jellies
 z - 22 beef jerkies
 C - 26 fruits


   Skills:
 + Level 15.4 Fighting
 * Level 8.2 Armour
 - Level 2.4 Dodging
 - Level 1.1 Stealth
 - Level 9.2 Shields
 + Level 18.2 Unarmed Combat


You had 15 spell levels left.
You didn't know any spells.

Dungeon Overview and Level Annotations

Branches:
Dungeon (15/15)            Temple (0/1) D:7            Lair (8/8) D:8
  Swamp (0/4) Lair:4        Snake (3/4) Lair:6        Slime (0/6) Lair:8
    Orc (0/4) D:12         Vaults (0/5) D:13         Depths (0/5) D:15

Altars:
Elyvilon
Fedhas
Makhleb
Nemelex Xobeh
Okawaru
Qazlal
Ru
Sif Muna
Trog
Xom
Yredelemnul
Zin

Shops:
D:9 }:*   D:11 =   Snake:1 ?

Annotations:
Lair:8 exclusion: 2 oklob plants


Innate Abilities, Weirdness & Mutations

You are too large for most types of armour.
You have claws for hands.
Your metabolism is lightning-fast.
You like to eat raw meat.
You heal very quickly.
You are covered in fur (AC +1).
You have very tough skin (AC +2).


Message History

* * * LOW HITPOINT WARNING * * *
The naga constricts you.
You closely miss the naga warrior.
The naga warrior is lightly wounded.
You feel sick. You block the naga's attack.
The naga sharpshooter shoots an arrow of frost.
The arrow of frost hits you!
* * * LOW HITPOINT WARNING * * *
The arrow of frost freezes you.
* * * LOW HITPOINT WARNING * * *
The naga warrior hits you with a dire flail!
* * * LOW HITPOINT WARNING * * *
You eviscerate the naga warrior!!!
The naga warrior is severely wounded.
You are near starving!
You hear a shout!
The naga sharpshooter spits poison at you.
The splash of poison misses you. You block the naga's attack.
The naga hits you with a broad axe!
You die...

## # #..###
#...) #....
##... #....
#.NS# #.NN#
#.N@# ###
#.N)#
..######
##..##
.......###
#[..#
.........#
##..#
######...##
#..# ##...#
#..# #...#
##..# ##..#
##...#


You could see a naga warrior, 2 naga sharpshooters, a guardian serpent and 2
nagas.

Vanquished Creatures
  Rupert (D:12)
  Kirke (D:12)
  Agnes (D:15)
  The ghost of Mindmaker the Bludgeoner, a journeyman OgCK of Xom (Lair:8)
  3 greater nagas
  Maud (Lair:7)
  Nessos (Lair:6)
  The ghost of Qwertycoatl the Eclecticist, a journeyman SpVM of Sif Muna (Snake:1)
  Azrael (Lair:6)
  The ghost of Arkorax the Martial Artist, a journeyman OpMo of Ru (Lair:3)
  An ettin (D:15)
  Erolcha (D:12)
  Fannar (Lair:1)
  An ogre mage (D:13)
  Harold (Lair:2)
  6 naga warriors
  8 hydras
  Erica (D:10)
  5 centaur warriors
  4 anacondas
  A tengu warrior (D:15)
  5 shock serpents
  Urug (D:15)
  2 naga sharpshooters
  2 deep elf knights
  Sonja (Lair:4)
  2 salamander mystics
  3 slime creatures
  5 hill giants
  A naga ritualist (Snake:2)
  An orc knight (D:13)
  Pikel (D:9)
  A removed MONS_DEEP_ELF_CONJURER (D:15)
  An unseen horror (D:12)
  6 mana vipers
  6 ugly things
  A wizard (D:14)
  2 cyclopes
  4 griffons
  An orc sorcerer (D:15)
  7 salamanders
  Maurice (D:9)
  A manticore (D:12)
  8 elephants
  4 guardian serpents
  18 black mambas
  12 naga magi
  10 spiny frogs
  6 yaktaurs
  3 gargoyles
  An efreet (D:13)
  A kobold demonologist (D:11)
  A yaktaur (shapeshifter) (D:15)
  6 komodo dragons
  A queen bee (D:13)
  A tengu conjurer (D:15)
  3 fire drakes
  17 polar bears
  A removed MONS_DEEP_ELF_PRIEST (D:13)
  3 trolls
  Grinder (D:5)
  13 blink frogs
  A harpy skeleton (D:15)
  6 two-headed ogres
  26 yaks
  2 raiju (Lair:8)
  A hill giant zombie (D:12)
  5 fire elementals
  5 deep elf magi
  A wraith (D:11)
  5 vampire mosquitoes
  14 hippogriffs
  A steam dragon (D:11)
  5 deep elf fighters
  A hog (D:12)
  A hungry ghost (D:12)
  7 wargs (Lair:8)
  A human (shapeshifter) (D:15)
  A human (D:10)
  3 basilisks
  27 nagas
  2 mottled dragons
  10 swamp worms (Lair:2)
  26 wolves
  6 porcupines
  10 water moccasins
  6 hell hounds
  6 orc warriors
  A necrophage (D:10)
  6 phantoms
  6 sky beasts
  6 ice beasts
  2 slaves (D:9)
  2 ogres
  15 black bears
  5 big kobolds
  22 centaurs
  17 crocodiles
  A gnoll sergeant (D:13)
  18 giant frogs
  4 scorpions
  46 killer bees
  A wyvern skeleton (D:14)
  2 troll zombies (D:12)
  3 wights (D:9)
  A centaur zombie (D:12)
  3 quasits
  6 crimson imps
  5 centaur skeletons
  2 gnoll shamans
  11 iguanas
  19 orc wizards
  2 giant frog zombies
  20 hounds
  5 jellies
  7 orc priests
  11 worker ants
  31 sheep
  5 ogre zombies (D:12)
  A hound zombie (D:5)
  13 adders
  17 gnolls
  3 shadow imps
  42 river rats
  12 white imps (Lair:5)
  An ooze (D:6)
  12 worms
  A giant gecko (D:7)
  62 orcs
  2 ball pythons
  23 bats
  3 giant cockroaches
  5 goblins
  8 hobgoblins
  17 jackals
  25 kobolds
  3 quokkas
  6 giant newts
  A goblin skeleton (D:12)
  3 goblin zombies (D:12)
  2 hobgoblin zombies (D:12)
  4 orc skeletons (D:12)
  15 orc zombies (D:12)
  A quokka skeleton (D:5)
  12 rats
  2 fungi (D:8)
  3 plants
970 creatures vanquished.

Vanquished Creatures (collateral kills)
  A salamander (Snake:2)
1 creature vanquished.

Vanquished Creatures (others)
  A human (D:12)
  A giant frog skeleton (D:12)
  An adder (D:12)
  12 fungi
  8 plants
23 creatures vanquished.

Grand Total: 994 creatures vanquished

Notes
Turn   | Place    | Note
--------------------------------------------------------------
     0 | D:1      | Arkorax the Troll Monk began the quest for the Orb.
     0 | D:1      | Reached XP level 1. HP: 22/22 MP: 0/0
   253 | D:1      | Reached XP level 2. HP: 29/29 MP: 1/1
   846 | D:1      | Reached XP level 3. HP: 36/36 MP: 2/2
  1084 | D:2      | Found a blossoming altar of Fedhas.
  1372 | D:2      | Reached XP level 4. HP: 45/45 MP: 3/3
  1459 | D:2      | Reached skill level 1 in Shields
  1688 | D:3      | Noticed a giant frog
  1693 | D:3      | Killed a giant frog
  1693 | D:3      | Reached skill level 5 in Unarmed Combat
  1693 | D:3      | Reached XP level 5. HP: 37/53 MP: 4/4
  2774 | D:4      | Found an iron altar of Okawaru.
  2791 | D:4      | Became a worshipper of Warmaster Okawaru
  2791 | D:4      | Reached * piety under Okawaru
  2791 | D:4      | Reached ** piety under Okawaru
  3034 | D:4      | Reached XP level 6. HP: 26/62 MP: 5/5
  3271 | D:4      | Found a deep blue altar of Sif Muna.
  3305 | D:5      | Entered Level 5 of the Dungeon
  3609 | D:4      | Reached XP level 7. HP: 66/71 MP: 6/6
  3643 | D:5      | Reached skill level 6 in Unarmed Combat
  3662 | D:5      | Reached *** piety under Okawaru
  3674 | D:5      | Noticed Grinder
  3687 | D:5      | Killed Grinder
  3687 | D:5      | Reached skill level 5 in Fighting
  4073 | D:6      | Reached XP level 8. HP: 80/80 MP: 7/7
  4162 | D:6      | Reached skill level 7 in Unarmed Combat
  4567 | D:6      | Found a shimmering altar of Xom.
  4572 | D:6      | Found a sacrificial altar of Ru.
  4582 | D:6      | Found a stormy altar of Qazlal.
  4585 | D:6      | Found a glowing silver altar of Zin.
  4591 | D:6      | Reached **** piety under Okawaru
  4866 | D:7      | Found a staircase to the Ecumenical Temple.
  4972 | D:7      | Reached skill level 5 in Shields
  5028 | D:7      | Found a white marble altar of Elyvilon.
  5061 | D:7      | Reached skill level 8 in Unarmed Combat
  5139 | D:7      | Reached XP level 9. HP: 72/91 MP: 8/8
  5830 | D:7      | Found a basalt altar of Yredelemnul.
  6223 | D:8      | Found a staircase to the Lair.
  6801 | D:8      | Reached ***** piety under Okawaru
  7027 | D:9      | Found Faunoab's Book Boutique.
  7065 | D:9      | Reached skill level 9 in Unarmed Combat
  7415 | D:9      | Found Justefo's General Store.
  7452 | D:9      | Bought a scroll of blinking for 105 gold pieces
  7452 | D:9      | Bought a scroll of identify for 28 gold pieces
  7452 | D:9      | Bought a scroll of teleportation for 42 gold pieces
  7452 | D:9      | Bought a potion of berserk rage for 70 gold pieces
  7579 | D:9      | Reached XP level 10. HP: 88/102 MP: 8/9
  7866 | D:9      | Noticed Pikel
  7885 | D:9      | Killed Pikel
  8131 | D:9      | Found Pemarchu's Gadget Emporium.
  8462 | Lair:1   | Entered Level 1 of the Lair of Beasts
  8496 | D:8      | Received a gift from Okawaru
  8754 | Lair:1   | Reached skill level 10 in Unarmed Combat
  9218 | Lair:1   | Noticed a black mamba
  9231 | Lair:1   | Killed a black mamba
  9251 | Lair:1   | Noticed Fannar
  9259 | Lair:1   | Killed Fannar
 10019 | Lair:2   | Reached XP level 11. HP: 62/113 MP: 7/10
 10566 | Lair:2   | Reached skill level 11 in Unarmed Combat
 10701 | Lair:2   | Noticed Harold
 10713 | Lair:2   | Killed Harold
 10861 | Lair:2   | Received a gift from Okawaru
 11314 | Lair:2   | Noticed a seven-headed hydra
 11322 | Lair:2   | Killed a ten-headed hydra
 11365 | Lair:3   | Noticed Arkorax's ghost (journeyman OpMo)
 11425 | D:10     | Entered Level 10 of the Dungeon
 11425 | D:10     | Noticed Maurice
 11610 | D:9      | Killed Maurice
 11676 | D:10     | Noticed a hill giant
 11684 | D:10     | Killed a hill giant
 11712 | D:10     | Noticed Erica
 12000 | D:10     | Reached ****** piety under Okawaru
 12023 | D:10     | Reached skill level 1 in Armour
 12080 | D:10     | Received a gift from Okawaru
 12095 | D:10     | Reached skill level 10 in Fighting
 12098 | D:10     | Reached skill level 12 in Unarmed Combat
 12098 | D:10     | Reached XP level 12. HP: 84/126 MP: 11/11
 12259 | D:10     | Killed Erica
 12870 | D:11     | Found Cusch's Jewellery Emporium.
 13062 | D:11     | Found a bloodstained altar of Trog.
 13331 | D:12     | Noticed Kirke
 13767 | Lair:3   | Killed Arkorax's ghost
 14580 | Lair:4   | Identified a scroll of acquirement
 14583 | Lair:4   | Got a heavily runed shield
 14594 | Lair:4   | Identified the +0 shield of Supple Strength {Int+2} (You acquired it on level 4 of the Lair of Beasts)
 14620 | Lair:4   | Found a staircase to the Swamp.
 14693 | Lair:4   | Reached skill level 13 in Unarmed Combat
 14724 | Lair:4   | Noticed Sonja
 14731 | Lair:4   | Killed Sonja
 14788 | Lair:4   | Reached skill level 5 in Armour
 15170 | Lair:5   | Found a frozen archway.
 15196 | IceCv    | Entered an ice cave
 15223 | IceCv    | Received a gift from Okawaru
 15272 | IceCv    | Reached XP level 13. HP: 137/137 MP: 9/12
 16907 | Lair:6   | Noticed Nessos
 16932 | Lair:6   | Killed Nessos
 17263 | Lair:6   | Got a fine pewter ring
 17311 | Lair:6   | Identified the ring of Winter {EV+6 Str+4} (You found it on level 6 of the Lair of Beasts)
 17545 | Lair:6   | Reached skill level 14 in Unarmed Combat
 17570 | Lair:6   | Found a staircase to the Snake Pit.
 18385 | Lair:7   | Noticed Maud
 18401 | Lair:7   | Killed Maud
 18423 | Lair:7   | Received a gift from Okawaru
 18727 | Lair:8   | Entered Level 8 of the Lair of Beasts
 18727 | Lair:8   | Noticed Mindmaker's ghost (journeyman OgCK)
 18757 | Lair:8   | Killed Mindmaker's ghost
 18873 | Lair:8   | Reached XP level 14. HP: 150/150 MP: 10/13
 19544 | Lair:8   | Reached skill level 15 in Unarmed Combat
 19678 | Lair:8   | Got a faintly humming hat
 19684 | Lair:8   | Identified the +0 hat "Seinaheq" {rPois} (You found it on level 8 of the Lair of Beasts)
 20162 | Lair:8   | Received a gift from Okawaru
 20165 | Lair:8   | Got a creamy pearl robe {god gift}
 20176 | Lair:8   | Identified the +1 robe of Forking Paths {rElec Int+4} (Okawaru gifted it to you on level 8 of the Lair of Beasts)
 20291 | Lair:8   | Found a staircase to the Slime Pits.
 20591 | D:12     | Found a staircase to the Orcish Mines.
 20717 | D:12     | Killed Kirke
 21052 | D:12     | Noticed Erolcha
 21058 | D:12     | Killed Erolcha
 21174 | D:12     | Noticed Rupert
 21185 | D:12     | Killed Rupert
 21278 | D:12     | Reached skill level 16 in Unarmed Combat
 21866 | D:13     | Found a gate to the Vaults.
 21984 | D:13     | Found a sparkling altar of Nemelex Xobeh.
 22260 | D:13     | Received a gift from Okawaru
 22515 | D:13     | Reached XP level 15. HP: 162/162 MP: 14/14
 22918 | D:14     | Found a burning altar of Makhleb.
 23499 | D:15     | Entered Level 15 of the Dungeon
 23618 | D:15     | Noticed Urug
 23627 | D:15     | Killed Urug
 23642 | D:15     | Found a staircase to the Depths.
 23831 | D:15     | Reached skill level 17 in Unarmed Combat
 23893 | D:15     | Received a gift from Okawaru
 24465 | D:15     | Noticed Agnes
 24478 | D:15     | Killed Agnes
 25057 | Lair:1   | Upgraded the game from 0.18-a0-750-g37044d6 to 0.18-a0-775-g4d9e04e
 25155 | Snake:1  | Entered Level 1 of the Snake Pit
 25155 | Snake:1  | Noticed Azrael
 25165 | Lair:6   | Killed Azrael
 25182 | Snake:1  | Noticed Qwertycoatl's ghost (journeyman SpVM)
 25328 | Snake:1  | Killed Qwertycoatl's ghost
 25354 | Snake:1  | Received a gift from Okawaru
 25412 | Snake:1  | HP: 3/247 [black mamba (15)]
 25670 | Snake:1  | Reached skill level 15 in Fighting
 25690 | Snake:1  | Noticed a greater naga
 25998 | Snake:1  | Received a gift from Okawaru
 26017 | Snake:1  | Reached XP level 16. HP: 133/176 MP: 10/15
 26140 | Snake:1  | Found Exygo's Magic Scroll Shoppe.
 26769 | Snake:2  | Reached skill level 18 in Unarmed Combat
 27399 | Snake:2  | Received a gift from Okawaru
 28028 | Snake:3  | HP: 6/176 [naga warrior/dire flail (13)]
 28029 | Snake:3  | Slain by a naga

Vault maps used:
D:1:      scummos_arrival_forest
D:2:      fedhas_altar_3
D:3:      first_bread
D:4:      kennysheep_okawaru_gauntlet, lemuel_blue_sif_altar, grunt_ministairs_6
D:5:      uniq_grinder
D:6:      grunt_temple_overflow_cloverleaf
D:7:      kennysheep_ying_yang, minmay_temple_entry_grid
D:8:      dpeg_oklobed_lair
D:9:      serial_shops, shop, shop, nicolae_shop_waterfront, uniq_pikel
D:10:     roderic_batcave, grunt_pizzeria, billiards_dpeg, uniq_maurice,
          uniq_erica
D:11:     serial_shops, shop, bloody_trog
D:12:     zombieorc2_lemuel, uniq_kirke, uniq_rupert, uniq_erolcha
D:13:     hangedman_vaults_entry_quadrant_bands, special_room, basic_altar
D:14:     minmay_door_square, serial_column_ruins, column_ruins_temple_circle,
          column_ruins_square_large, column_ruins_grid_3,
          column_ruins_columns_T, column_ruins_open_tiny,
          kennysheep_small_circle
D:15:     hangedman_depths_entry_civil_slaughter, minmay_misc_feat_square,
          uniq_agnes, uniq_urug
Lair:1:   uniq_fannar
Lair:2:   worms_lemuel, grunt_megastairs_4, uniq_harold
Lair:3:   grunt_megastairs_3
Lair:4:   swamp_mist, uniq_sonja
Lair:5:   portal_ice_cave_entry_imps, wad_woods_04, infiniplex_staircase_pool_2
Lair:6:   minmay_snake_entry_guardpost_large, serial_bayou_shore_b, uniq_nessos
Lair:7:   uniq_maud
Lair:8:   hangedman_lair_caniforms_friends, minmay_slime_entry_oklob_enclosed
Snake:1:  serial_shops, nicolae_shop_crystal, uniq_azrael
Snake:2:  special_room, nicolae_snake_salamander_stairs
IceCv:    ice_cave_small_giant

Action                   |  1- 3 |  4- 6 |  7- 9 | 10-12 | 13-15 | 16-18 || total
-------------------------+-------+-------+-------+-------+-------+-------++-------
Melee: Unarmed           |   120 |   130 |   440 |   769 |  1444 |   209 ||  3112
Throw: Throwing net      |       |       |       |     5 |     2 |       ||     7
       Large rock        |       |       |       |       |       |     8 ||     8
Invok: Heroism           |       |       |     3 |    10 |    11 |       ||    24
 Abil: Evoke Berserk Rag |       |       |       |       |    13 |       ||    13
Evoke: Wand              |       |       |       |    10 |    13 |       ||    23
       Lamp of fire      |       |       |       |     1 |       |       ||     1
  Use: Scroll            |       |       |     5 |    16 |    14 |     5 ||    40
       Potion            |       |       |       |     5 |     3 |       ||     8
 Stab: Sleeping          |     2 |     2 |     3 |     3 |    12 |       ||    22
       Held in net/web   |       |       |       |     2 |     1 |       ||     3
       Confused          |       |       |       |       |     1 |       ||     1
       Distracted        |       |       |       |       |     5 |     2 ||     7
  Eat: Chunk             |    18 |    19 |    36 |    60 |    72 |     7 ||   212
       Bread ration      |       |       |       |     1 |     4 |       ||     5
       Pizza             |       |       |       |     1 |     2 |     2 ||     5
       Meat ration       |       |       |       |       |     4 |     1 ||     5
